 Dungeon Crawl Stone Soup version 0.32-a0-933-ga8fa3634e4 (webtiles) character file.

Game seed: 13114496621129195418

167 Meejax the Ducker (level 5, -9/39 HPs)
             Began as a Demonspawn Gladiator on Apr 14, 2024.
             Mangled by an ogre
             ... wielding a +0 giant club
              (30 damage)
             ... on level 4 of the Dungeon.
             The game lasted 00:03:38 (2740 turns).

Meejax the Ducker (Demonspawn Gladiator)            Turns: 2740, Time: 00:03:39

Health: -9/39      AC:  5    Str: 15    XL:     5   Next: 23%
Magic:  5/5        EV: 12    Int:  8    God:
Gold:   175        SH:  0    Dex: 16    Spells: 4/4 levels left

rFire   . . .        h - +0 dagger (freeze)
rCold   . . .        (no shield)
rNeg    . . .        b - +0 leather armour
rPois   .            c - +1 helmet
rElec   .            (no cloak)
rCorr   .            (no gloves)
SInv    .            (no boots)
Will    .....        (no amulet)
Stlth   ++           (no ring)
HPRegen 0.26/turn    (no ring)
MPRegen 0.09/turn

%: no passive effects
@: wreathed by umbra
A: foul shadow 2
a: no special abilities


You were on level 4 of the Dungeon.
You visited 1 branch of the dungeon, and saw 4 of its levels.

You collected 175 gold pieces.

Inventory:

Hand Weapons
 a - a +0 long sword
 h - a +0 dagger of freezing (weapon)
Missiles
 d - a throwing net (quivered)
 e - a javelin
Armour
 b - a +0 leather armour (worn)
 c - a +1 helmet (worn)
Scrolls
 g - a scroll of amnesia
 i - 2 scrolls of enchant armour
 l - 4 scrolls of teleportation
 n - a scroll of torment {unknown}
Potions
 f - a potion of attraction
 j - 2 potions of curing {unknown}
 k - 3 potions of might {unknown}
 m - a potion of lignification {unknown}
 o - 2 potions of enlightenment {unknown}
 p - a potion of ambrosia {unknown}


   Skills:
 + Level 2.6 Fighting
 + Level 1.2(2.2) Short Blades
 - Level 2.9(3.0) Long Blades
 + Level 1.9 Throwing
 + Level 2.3 Armour
 + Level 3.6 Dodging
 + Level 1.2 Stealth


You had 4 spell levels left.
You didn't know any spells.
Your spell library contained the following spells:

 Spells                   Type           Power      Damage    Failure   Level
 Necrotise                Necr           0%         1d4       47%         1
 Vampiric Draining        Necr           0%         2d6       85%         3
 Martyr's Knell           Necr/Summ      0%         N/A       99%         4
 Curse of Agony           Necr           0%         N/A       100%        5


Dungeon Overview and Level Annotations

Branches:
Dungeon (4/15)
 Temple: D:4-7

Altars:
Hepliaklqana
Okawaru
Vehumet
Xom


Innate Abilities, Weirdness & Mutations

You are shadowed, sometimes releasing foul flame when damaged in melee.


Message History

You hit the kobold. You freeze the kobold.
The kobold is heavily wounded.
The kobold hits you but does no damage.
You closely miss the kobold.
The kobold is heavily wounded.
The kobold closely misses you.
You hit the kobold. You freeze the kobold.
You kill the kobold!
No target in view!
l - 4 scrolls of teleportation (gained 1)
An ogre comes into view. It is wielding a +0 giant club.
An ogre is nearby!
An ogre is nearby!
An ogre is nearby!
You hit the ogre. You freeze the ogre.
The ogre is lightly wounded.
The ogre hits you with a +0 giant club!!
Ouch! That really hurt!
Throw: 2 throwing nets
Press: ? - help, Q - select action, (/) - cycle Shift-Dir - straight line, f - ogre
Aim: an ogre, wielding a +0 giant club (lightly wounded, umbra, 73% to hit)
You throw a throwing net. The throwing net hits the ogre.
The ogre is caught in the net!
The ogre is lightly wounded.
The ogre struggles against the net.
The ogre struggles against the net.
You hit the ogre. You freeze the ogre.
The ogre is moderately wounded.
The ogre struggles against the net.
You hit the ogre but do no damage.
The ogre is moderately wounded.
The ogre struggles against the net.
The net rips apart, and the ogre comes free!
You hit the ogre. You freeze the ogre.
The ogre is heavily wounded.
The ogre closely misses you. The ogre attacks as it pursues you!
The ogre hits you with a +0 giant club!!
Ouch! That really hurt!
You die...

.#.....#......#.........
.........#...##....#.##.
..###....##..#.....#.#..
######...##(............
#.........).........#..
#....##....###.....##..
#....#......###.....#..
##..........#.#....##..
#..##@........ ##..
#..#..O....... ....
#...##........ #... #...
#........ #... #.#
#......## .... #.
......## .... # .....##
.... ...... ..#.
#....... .##.


You could see an ogre.

Vanquished Creatures
  A black bear (D:3)
  2 adders (D:2)
  A dart slug (D:3)
  3 endoplasms
  A giant cockroach (D:3)
  6 goblins
  7 hobgoblins
  4 jackals (D:2)
  3 quokkas
  3 ball pythons
  6 bats
  3 frilled lizards
  9 kobolds
  6 rats
55 creatures vanquished.

Notes
Turn   | Place    | Note
-------+----------+-------------------------------------------
     0 | D:1      | Meejax the Demonspawn Gladiator began the quest for the
                  | Orb.
     0 | D:1      | Reached XP level 1. HP: 16/16 MP: 1/1
   118 | D:1      | Gained mutation: You are faintly shadowed, very rarely
                  | releasing foul flame when damaged in melee. [demonic
                  | ancestry]
   118 | D:1      | Reached XP level 2. HP: 22/22 MP: 2/2
   312 | D:1      | Reached skill level 3 in Dodging
  1237 | D:2      | Gained mutation: You are shadowed, sometimes releasing foul
                  | flame when damaged in melee. [demonic ancestry]
  1237 | D:2      | Reached XP level 3. HP: 21/28 MP: 3/3
  1361 | D:2      | Reached skill level 1 in Armour
  1980 | D:3      | Noticed a black bear
  2011 | D:3      | Killed a black bear
  2012 | D:3      | Reached skill level 1 in Short Blades
  2012 | D:3      | Reached skill level 1 in Stealth
  2012 | D:3      | Reached XP level 4. HP: 13/34 MP: 4/4
  2012 | D:3      | Reached XP level 5. HP: 15/39 MP: 5/5
  2249 | D:3      | Found a shimmering altar of Xom.
  2250 | D:3      | Found a hazy altar of Hepliaklqana.
  2250 | D:3      | Noticed a hell beast
  2251 | D:3      | Noticed a spectral ugly thing
  2251 | D:3      | Noticed a hell beast
  2646 | D:4      | Found an iron altar of Okawaru.
  2658 | D:4      | Found a radiant altar of Vehumet.
  2728 | D:4      | Noticed an ogre
  2740 | D:4      | Mangled by an ogre

Illustrated notes

Levels and vault maps discovered:
D:1:      dpeg_arrival_long_road, layout_basic
D:2:      layout_loops_ring
D:3:      layout_loops_ring, regret_index_temple_of_mockery, kennysheep_doodads,
          chequers_serial_rivers_marsh
D:4:      layout_cave_pools, okawaru_ov_weapons_minmay, vehumet_crystals,
          minmay_temple_entry_antechambers

Skill      XL: |  1  2  3 |
---------------+----------+-----
Dodging        | 3 |  3.6
Armour         | 2 |  2.3
Short Blades   | 1 |  1.2
Stealth        | 1 |  1.2
Fighting       | |  2.6
Long Blades    | |  2.9
Throwing       | |  1.9

Action                     |  1- 3 |  4- 6 || total
---------------------------+-------+-------++-------
  Melee: Long sword        |    26 |       ||    26
         Dagger            |   148 |    45 ||   193
  Throw: Throwing net      |     1 |     2 ||     3
    Use: Scroll            |       |     6 ||     6
   Stab: Sleeping          |     4 |     4 ||     8
         Held in net/web   |     2 |       ||     2
 Armour: Leather armour    |    87 |    14 ||   101
  Dodge: Dodged            |    97 |    23 ||   120

Table legend: (Time is in decaauts)
 A = Elapsed time spent in this place.
 B = Non-inter-level travel time spent in this place.
 C = Inter-level travel time spent in this place.
 D = Time resting spent in this place.
 E = Time spent auto-exploring this place.
 F = Levels seen in this place.
 G = Mean time per level.
                   A        B        C        D        E       F      G
               +--------+--------+--------+--------+--------+-----+--------+
         Total |   2733 |   2509 |    224 |     76 |   1938 |   4 |  683.2 |
       Dungeon |   2733 |   2509 |    224 |     76 |   1938 |   4 |  683.2 |
               +--------+--------+--------+--------+--------+-----+--------+

Top non-repeatable levels by time:
     D:1: 1081 daAuts
     D:3: 812 daAuts
     D:2: 747 daAuts
     D:4: 91 daAuts
